 Dungeon Crawl Stone Soup version 0.20-a0 (webtiles) character file.

28 varam the Digger (level 3, 15/19 HPs)
             Began as a Gargoyle Earth Elementalist on Oct 27, 2016.
             Quit the game on level 2 of the Dungeon.
             The game lasted 00:02:33 (1421 turns).

varam the Digger (Gargoyle Earth Elementalist)      Turns: 1421, Time: 00:02:34

Health: 15/19      AC:  5    Str: 11    XL:     3   Next: 12%
Magic:  5/7        EV: 12    Int: 16    God:
Gold:   50         SH:  0    Dex: 10    Spells: 1 memorised, 7 levels left

rFire  . . .     SeeInvis .     b - 50 stones
rCold  . . .     Gourm    .     c - +0 robe
rNeg   + . .     Faith    .     (no shield)
rPois  ∞         Spirit   .     (no helmet)
rElec  +         Reflect  .     (no cloak)
rCorr  .         Harm     .     (no gloves)
MR     .....     Rnd*Tele +     (no boots)
Stlth  ++........               (no amulet)
                                (no ring)
                                g - ring of teleportation (curse)

@: no status effects
A: negative energy resistance 1, electricity resistance, unbreathing,
petrification resistance, rot immunity, AC +3
a: no special abilities


You were on level 2 of the Dungeon.
You were not hungry.

You visited 1 branch of the dungeon, and saw 2 of its levels.

You collected 50 gold pieces.

Inventory:

Missiles
 b - 50 stones (in hand)
Armour
 c - a +0 robe (worn)
Jewellery
 g - a cursed ring of teleportation (left hand)
Scrolls
 j - a scroll of remove curse {unknown}
 l - a scroll of blinking {unknown}
 o - a scroll of teleportation {unknown}
Potions
 a - a potion of might
 f - a potion of heal wounds {unknown}
 h - a potion of degeneration {unknown}
 i - a potion of cancellation {unknown}
 n - a potion of curing {unknown}
Books
 e - a book of Geomancy

   Spells                             Type                      Level
   a - Sandblast                      Earth                        1
   b - Passwall                       Transmutation/Earth          2
   c - Stone Arrow                    Conjuration/Earth            3
   d - Petrify                        Transmutation/Earth          4
   e - Lee's Rapid Deconstruction     Earth                        5
Comestibles
 d - a bread ration
 k - a chunk of flesh
 m - a beef jerky


   Skills:
 - Level 1.5 Dodging
 - Level 2.1 Stealth
 * Level 3.0 Spellcasting
   Level 0.7 Transmutations
 + Level 4.0 Earth Magic


You had 7 spell levels left.
You knew the following spells:

 Your Spells              Type           Power        Failure   Level  Hunger
a - Sandblast             Erth           ###...       4%          1    #......


Dungeon Overview and Level Annotations

Branches:
Dungeon (2/15)

Altars:
Nemelex Xobeh
Okawaru


Innate Abilities, Weirdness & Mutations

You are resistant to torment.
Your stone body is resilient. (AC +3)
You are immune to poison.
You resist negative energy. (rN+)
You are resistant to electric shocks. (rElec)
You can survive without breathing.
You are immune to petrification.
You are immune to rotting.


Message History

Aiming: Sandblast
Press: ? - help, Shift-Dir - straight line, f/p - giant cockroach
Aim: a giant cockroach (clinging)
The rocky blast misses the giant cockroach.
The giant cockroach misses you. The giant cockroach bites you.
The giant cockroach misses you.
The giant cockroach bites you but does no damage.
The bat hits you but does no damage.
The giant cockroach bites you but does no damage.
There is an open door here.
The bat hits you.
You clumsily bash the bat but do no damage.
The bat barely misses you. The bat hits you.
The giant cockroach barely misses you.
The giant cockroach bites you but does no damage.
The bat barely misses you.
You barely miss the bat. The bat closely misses you. x2
The bat barely misses you. The giant cockroach barely misses you.
The giant cockroach bites you but does no damage.
Are you sure you want to abandon this character and quit the game? (Confirm with "yes".)

# ###### ...#### #
#....######## #........... #
#....##...(.# #...........
###.##.##.....# #...........
....##.##)....# #.........#
.##.##.##.....# #.........#
........'.....####s.!......#
..####.##.....##@ss........+
.....#.##.....##b#s........#
...#.#.##.....##.#.........#
....)#.##.....##'#####..####
..................# #.#
.......########...# ...
##....#......##...# ...s
##....+......##...# ....
##....#......##...# ....


You could see 4 giant cockroaches and a bat.

Vanquished Creatures
  An adder (D:2)
  4 bats
  A giant cockroach (D:1)
  3 goblins
  2 hobgoblins (D:1)
  A kobold (D:1)
  A ball python (D:1)
  2 frilled lizards (D:1)
  3 rats (D:1)
18 creatures vanquished.

Notes
Turn   | Place    | Note
-------+----------+-------------------------------------------
     0 | D:1      | varam the Gargoyle Earth Elementalist began the quest for the Orb.
     0 | D:1      | Reached XP level 1. HP: 10/10 MP: 3/3
   392 | D:1      | Found a sparkling altar of Nemelex Xobeh.
   435 | D:1      | Reached XP level 2. HP: 15/15 MP: 3/5
  1262 | D:2      | Reached skill level 4 in Earth Magic
  1262 | D:2      | Reached XP level 3. HP: 19/19 MP: 2/7
  1324 | D:2      | Found an iron altar of Okawaru.
  1421 | D:2      | Quit the game

Vault maps used:
D:1:      tarquinn_simple_flora_water_a, nemelex_diamond_rough_becter
D:2:      minmay_roachtagon, okawaru_metal_pillars_3

Skill      XL: |  1  2 |
---------------+-------+-----
Spellcasting   | 3 |  3.0
Earth Magic    | 4 |  4.0
Dodging        | |  1.5
Stealth        | |  2.1
Transmutations | |  0.7

Action                   || total
-------------------------++-------
Melee: Unarmed           ||     8
 Cast: Sandblast         ||    33
  Use: Scroll            ||     1
 Stab: Sleeping          ||     1
  Eat: Chunk             ||     2
Armor: Robe              ||    17
Dodge: Dodged            ||    26
